 Dungeon Crawl Stone Soup version 0.27-a0-1242-ge70438ac7b (webtiles) character file.

Game seed: 8864293136053107167

46 Glokmah the Insei (level 3, -3/23 HPs)
             Began as an Octopode Transmuter on June 9, 2021.
             Slain by a goblin
             ... wielding a +0 club
              (6 damage)
             ... on level 3 of the Dungeon.
             The game lasted 00:03:07 (2767 turns).

Glokmah the Insei (Octopode Transmuter)             Turns: 2767, Time: 00:03:09

Health: -3/23      AC:  1    Str: 10    XL:     3   Next: 66%
Magic:  2/6        EV: 13    Int: 15    God:
Gold:   70         SH:  0    Dex: 12    Spells: 0/6 levels left

rFire    . . .     SeeInvis .     - Unarmed
rCold    . . .     Faith    .   (no shield)
rNeg     . . .     Spirit   .   (helmet currently unavailable)
rPois    .         Reflect  .   (no amulet)
rElec    .         Harm     .   (no ring)
rCorr    .         Rampage  .   (no ring)
Will     .....                  (no ring)
Stlth    ++........             (no ring)
HPRegen  0.07/turn              (no ring)
MPRegen  0.10/turn              (no ring)
                                (no ring)
                                (no ring)

@: appendages (expiring), wereblooded (expiring), very slightly contaminated
A: tentacle spike 3, almost no armour, amphibious, 8 rings, camouflage 1,
gelatinous body 1, (nimble swimmer 1), tentacles
a: End Transformation


You were on level 3 of the Dungeon.
One of your tentacles had grown a beastly spike.
You visited 1 branch of the dungeon, and saw 3 of its levels.

You collected 70 gold pieces.

Inventory:

Missiles
 e - 72 stones
 g - a throwing net
 i - 29 poisoned darts (quivered)
Wands
 m - a wand of charming (12)
Scrolls
 a - 2 scrolls of holy word {unknown}
 b - a scroll of enchant weapon {unknown}
 c - 2 scrolls of brand weapon {unknown}
 h - a scroll of identify {unknown}
 j - a scroll of enchant armour {unknown}
 n - a scroll of fog {unknown}
Potions
 d - 2 potions of resistance {unknown}
 f - 3 potions of might {unknown}
 k - a potion of haste {unknown}
 l - a potion of curing {unknown}


   Skills:
 + Level 1.4 Fighting
 - Level 2.0 Dodging
 * Level 3.6 Unarmed Combat
 + Level 2.2 Spellcasting
 * Level 2.7 Transmutations
 + Level 0.5 Poison Magic


You couldn't memorise any spells.
You knew the following spells:

 Your Spells              Type           Power      Damage    Failure   Level
a - Beastly Appendage     Tmut           18%        N/A       7%          1
b - Wereblood             Tmut           9%         N/A       11%         2
c - Spider Form           Tmut/Pois      3%         N/A       32%         3

Your spell library contained the following spells:

 Spells                   Type           Power      Damage    Failure   Level
 Ice Form                 Ice/Tmut       5%         N/A       77%         4


Dungeon Overview and Level Annotations

Branches:
Dungeon (3/15)

Altars:

Shops:
D:1 *   D:2 :

Annotations:
D:3 Robin


Innate Abilities, Weirdness & Mutations

One of your tentacles has grown a beastly spike.
You cannot wear most types of armour.
You are amphibious.
You can wear up to eight rings at the same time.
Your skin changes colour to match your surroundings (Stealth+).
Your rubbery body absorbs attacks. (AC +1, EV +1)
((You are camouflaged near water. (Stealth+)))
You have tentacles for arms and can constrict up to eight enemies at once.


Message History

Your transformation is almost over.
The goblin hits you with a +0 club.
* * * LOW HITPOINT WARNING * * *
You see here a +0 club.
The goblin hits you with a +0 club.
* * * LOW HITPOINT WARNING * * *
An endoplasm comes into view.
You howl as the wereblood boils in your veins!
You hear a shout!
Robin throws the goblin at you!
* * * LOW HITPOINT WARNING * * *
The goblin misses you.
You tentacle-slap the goblin.
You feel a bit better.
You kill the goblin!
A goblin comes into view. It is wielding a +0 dagger.
Robin roars a battlecry!
The goblin goes into a battle-frenzy!
A goblin comes into view. It is wielding a +0 dagger.
You see here a +0 club.
You bludgeon the hobgoblin!
You feel a bit better.
You kill the hobgoblin!
A goblin comes into view. It is wielding a +0 club.
You tentacle-slap the endoplasm.
You feel a bit better.
You kill the endoplasm!
Your primal bloodlust is almost over.
The goblin no longer looks unusually strong.
Robin says, "Bow before me, strongest of all the hobgoblins!"
Robin throws the goblin at you!
You tentacle-slap Robin. You grab Robin.
Robin is moderately wounded.
You constrict Robin, but do no damage. The goblin hits you with a +0 club.
* * * LOW HITPOINT WARNING * * *
Robin throws the goblin at you!
You tentacle-slap Robin but do no damage.
You pierce Robin, but do no damage.
Robin is moderately wounded.
You constrict Robin.
The goblin unwields a +0 hunting sling.
The goblin wields a +0 club.
The goblin barely misses you. The goblin hits you with a +0 club.
You die...

###g###.# ##.......#
#.....)..# #g# ######### ##
#. #g#####.......# #.
....##g).....#####.# #.
#..g...g###........####.
#######g# #.....##......
#@###...#.##.####.
###gg.....#....# #. #...
#..............# #. #...
#..............# ## #...
#...<.._).###### #...
####.........## #...
#.............####### #
####...##.##..........#.....#
#
......................#.....#
#


You could see Robin, a hobgoblin (strong) and 5 goblins.

Vanquished Creatures
  A worm (D:2)
  5 endoplasms
  3 giant cockroaches (D:1)
  8 goblins
  3 hobgoblins
  2 jackals (D:1)
  2 quokkas
  A ball python (D:2)
  5 bats
  A frilled lizard (D:2)
  3 kobolds
  4 rats
38 creatures vanquished.

Notes
Turn   | Place    | Note
-------+----------+-------------------------------------------
     0 | D:1      | Glokmah the Octopode Transmuter began the quest for the
                  | Orb.
     0 | D:1      | Reached XP level 1. HP: 13/13 MP: 3/3
   751 | D:1      | Reached XP level 2. HP: 18/18 MP: 3/5
   769 | D:1      | Learned a level 2 spell: Wereblood
   848 | D:1      | Found Exkafare's Assorted Antiques.
  1564 | D:2      | Found Seomn's Book Shoppe.
  1952 | D:2      | Reached XP level 3. HP: 11/23 MP: 4/6
  2480 | D:2      | Learned a level 3 spell: Spider Form
  2481 | D:3      | Found a faded altar of an unknown god.
  2746 | D:3      | Noticed Robin
  2767 | D:3      | Slain by a goblin

Illustrated notes

Levels and vault maps discovered:
D:1:      pf_arrival_petrified_forest, layout_loops_corners, serial_shops, shop,
          minmay_tromino_mix6
D:2:      layout_basic, serial_shops, shop
D:3:      layout_loops_cross, basic_ecumenical_altar, uniq_robin

Action                   || total
-------------------------++-------
Melee: Unarmed           ||    75
       Constrict         ||    19
       Tentacles         ||    12
       Kick              ||    10
       Punch             ||     2
Throw: Dart              ||     6
 Cast: Beastly Appendage ||    22
       Wereblood         ||     3
 Stab: Sleeping          ||     3
Armor: Skin              ||     9
Dodge: Dodged            ||    40

Table legend: (Time is in decaauts)
 A = Elapsed time spent in this place.
 B = Non-inter-level travel time spent in this place.
 C = Inter-level travel time spent in this place.
 D = Time resting spent in this place.
 E = Time spent auto-exploring this place.
 F = Levels seen in this place.
 G = Mean time per level.
                   A        B        C        D        E       F      G
               +--------+--------+--------+--------+--------+-----+--------+
         Total |   2762 |   2687 |     75 |    393 |   1939 |   3 |  920.7 |
       Dungeon |   2762 |   2687 |     75 |    393 |   1939 |   3 |  920.7 |
               +--------+--------+--------+--------+--------+-----+--------+

Top non-repeatable levels by time:
     D:1: 1344 daAuts
     D:2: 1134 daAuts
     D:3: 283 daAuts
